Map: Prion Terraces

Players

ignite - Winner!

  • Race: Terran Terran

Kronos

  • Race: Zerg Zerg
  • League: Diamond

VOD

Have the link to the VOD?

Description

Time

  • Played on: Feb. 6, 2016, 12:31 p.m.
  • Length: 15:37
Show
View Real Time Build Order
Export as new Build Order

ignite Terran - Winner!

Build Orders: Reaper Expand, MMM Bio 

Get SALT Encoding   

  12  0:00  SCV  
  13  0:13  SCV  
  14  0:17  Supply Depot  
  14  0:25  SCV  
  15  0:39  SCV  
  15  0:40  Barracks  
  16  0:44  Refinery  
  16  0:51  SCV  
  17  1:03  SCV  
  18  1:15  SCV  
  19  1:27  Orbital Command  
  19  1:29  Reaper  
  20  1:43  Command Center  
  20  1:52  Supply Depot  
  20  1:53  SCV  
  21  2:02  Reaper  
  21  2:05  SCV  
  23  2:17  SCV  
  24  2:32  Command Center, SCV  
  25  2:42  Factory  
  25  2:45  Barracks Reactor  
  25  2:46  SCV  
  26  2:55  Orbital Command  
  26  3:00  SCV  
  27  3:15  SCV  
  27  3:16  Supply Depot  
  28  3:21  Bunker  
  28  3:23  SCV  
  28  3:24  Supply Depot  
  28  3:25  Supply Depot  
  29  3:29  SCV  
  29  3:31  Barracks Tech Lab  
  30  3:37  SCV  
  29  3:44  SCV  
  29  3:46  Hellion x2  
  34  3:54  SCV  
  34  4:01  Marine  
  34  4:02  Stimpack  
  35  4:04  SCV, Refinery  
  35  4:07  SCV  
  35  4:09  Hellion  
  41  4:10  Hellion  
  41  4:14  Orbital Command  
  41  4:19  SCV  
  41  4:20  SCV  
  41  4:21  Marine  
  44  4:30  Hellion  
  48  4:31  SCV, Hellion  
  48  4:36  Bunker  
  48  4:38  SCV, Bunker  
  50  4:39  Marine  
  50  4:41  SCV  
  52  4:50  Engineering Bay  
  52  4:51  Engineering Bay, SCV  
  52  4:52  SCV, Hellion  
  56  4:56  Hellion  
  58  5:00  SCV  
  58  5:04  Refinery  
  58  5:05  SCV x2, Refinery  
  61  5:07  Marine  
  61  5:13  SCV  
  63  5:22  Terran Infantry Weapons Level 1  
  63  5:23  SCV  
  63  5:24  Barracks x2  
  63  5:28  Marine  
  65  5:29  SCV x2  
  65  5:30  Factory Tech Lab  
  65  5:35  Orbital Command  
  67  5:39  SCV  
  68  5:45  Marine  
  68  5:47  SCV  
  68  5:49  Supply Depot  
  70  5:50  Supply Depot  
  70  5:51  SCV  
  70  5:52  Supply Depot  
  70  5:53  Siege Tank  
  74  5:58  Starport  
  74  6:01  SCV x2  
  76  6:04  Marine, Combat Shields  
  76  6:10  SCV  
  78  6:11  Marine x2  
  78  6:14  Barracks Reactor  
  78  6:15  SCV x2  
  82  6:24  Supply Depot  
  82  6:26  Supply Depot  
  82  6:27  Supply Depot  
  82  6:28  SCV x2  
  82  6:29  SCV  
  82  6:31  Armory, Marine x3  
  88  6:33  Siege Tank  
  91  6:42  SCV x2, Starport Reactor  
  91  6:43  SCV  
  94  6:47  Barracks  
  94  6:48  Barracks  
  94  6:49  Missile Turret  
  94  6:51  Missile Turret  
  94  6:52  Missile Turret  
  94  6:55  Marine x4  
  94  6:56  Marine  
  94  7:00  SCV x3  
  102  7:12  SCV x3  
  105  7:18  Marine  
  105  7:19  Marine x3  
  105  7:20  Terran Infantry Weapons Level 2  
  105  7:21  Terran Infantry Armor Level 1  
  109  7:23  Terran Vehicle Weapons Level 1  
  109  7:26  Medivac x2, Siege Tank  
  109  7:27  SCV  
  109  7:28  SCV  
  105  7:39  SCV  
  105  7:40  SCV x2, Marine x3, Barracks Reactor x2  
  112  7:54  Missile Turret, Refinery  
  112  7:56  SCV  
  112  7:57  SCV x2  
  114  8:07  Command Center  
  114  8:16  Marine x7  
  114  8:17  Marine x2  
  123  8:20  Supply Depot  
  123  8:21  Supply Depot  
  123  8:24  Supply Depot  
  123  8:35  Marine x3  
  123  8:36  Marine x4  
  123  8:39  Marine x2  
  96  8:53  Marine x4  
  96  8:54  Marine x3  
  99  8:57  Barracks, Factory, Marine x2  
  99  8:59  Barracks x2  
  101  9:11  Marine x4  
  101  9:12  Marine x2  
  107  9:17  Marine x3  
  107  9:18  Siege Tank  
  107  9:19  Medivac x2  
  117  9:26  Command Center  
  117  9:28  Terran Infantry Armor Level 2, Terran Vehicle Weapons Level 2  
  117  9:29  Marine x2  
  119  9:31  Marine x3  
  119  9:32  Marine  
  119  9:35  Marine x2  
  119  9:38  Marine  
  125  9:53  Barracks Tech Lab x3  
  125  9:56  Factory Tech Lab, Marine x4  
  125  9:57  Marine x2  
  131  10:00  Marine  
  131  10:05  Marine x2  
  134  10:09  Siege Tank  
  134  10:10  Medivac x2  
  141  10:14  Marine  
  141  10:15  Marine x4  
  141  10:16  Marine x2  
  141  10:19  Refinery x2  
  148  10:24  Planetary Fortress  
  148  10:30  Marine x5  
  148  10:32  Marine  
  148  10:35  Missile Turret  
  154  10:36  Marine x5  
  154  10:37  Missile Turret  
  154  10:38  Siege Tank  
  162  10:52  Marine x4  
  162  10:53  Marine x3  
  162  10:56  Missile Turret  
  164  11:00  SCV x3  
  164  11:02  Missile Turret, Marine x2  
  164  11:03  Marine x3  
  165  11:10  Marine x5  
  166  11:12  SCV, Marine x2  
  164  11:22  Reaper  
  164  11:23  Reaper  
  164  11:24  Marine x2  
  126  11:28  Marine  
  126  11:29  Liberator, Marauder x2  
  126  11:30  Liberator, Marauder x2  
  121  11:36  Marine  
  120  11:41  Planetary Fortress  
  123  11:50  Starport, Marauder  
  119  11:54  Marine x2, Marauder  
  119  11:55  Marauder x2  
  127  12:02  Marine x4  
  127  12:03  Marine x2  
  133  12:13  Marauder  
  135  12:16  Marauder  
  135  12:19  Marauder x2  
  135  12:20  Terran Infantry Weapons Level 3  
  141  12:28  Command Center  
  141  12:38  Marauder  
  141  12:39  Marauder  
  141  12:42  Liberator  
  141  12:43  Liberator  
  145  12:46  Marine x2, Marauder x2  
  145  12:48  Marine  
  152  12:54  Marine x3  
  152  12:56  Marine  
  156  12:59  Siege Tank x2  
  156  13:00  Starport Reactor  
  168  13:12  Marine x2, Marauder x2  
  173  13:20  Marine x3  
  173  13:21  Marine x3, Marauder  
  173  13:22  Marauder  
  173  13:23  Liberator  
  160  13:30  Marine x2  
  160  13:33  Marauder  
  160  13:34  Marauder  
  146  14:17  Marine x2, Marauder x2  
  152  14:24  Missile Turret  
  152  14:30  Marine x2, Marauder  
  154  14:39  Marine x3, Marauder x2  
  154  14:40  Command Center, Marine x3, Marauder  
  145  14:48  Marine x2  
  145  14:52  Marauder  
  148  14:57  Marine x4  
  152  15:06  Marauder  
  152  15:07  Marine x3  
  157  15:18  Marine  
Show
View Real Time Build Order
Export as new Build Order

Kronos Zerg 

Build Orders: Pool First, Muta Ling Bane 

Get SALT Encoding   

  12  0:01  Drone  
  13  0:09  Drone  
  14  0:17  Overlord  
  14  0:29  Extractor x2  
  14  0:30  Drone x2  
  16  0:35  Drone  
  16  0:40  Extractor  
  16  0:48  Spawning Pool  
  15  0:52  Drone  
  15  0:56  Drone  
  17  1:19  Hatchery  
  16  1:34  Queen  
  16  1:36  Drone  
  19  1:46  Metabolic Boost  
  19  1:52  Overlord  
  19  1:55  Zergling x2  
  19  1:57  Zergling x2  
  21  2:07  Drone  
  22  2:11  Queen  
  24  2:16  Drone  
  25  2:31  Drone  
  25  2:32  Drone  
  25  2:33  Queen  
  28  2:57  Zergling x4  
  28  2:58  Zergling x8  
  32  3:08  Zergling x2  
  32  3:09  Zergling x2  
  34  3:18  Drone  
  34  3:19  Overlord  
  35  3:24  Hatchery  
  34  3:34  Drone  
  35  3:43  Drone x6  
  35  3:46  Baneling Nest  
  39  3:49  Drone x2  
  39  3:57  Drone x3  
  39  3:58  Drone  
  42  4:06  Spore Crawler  
  41  4:12  Extractor  
  41  4:13  Zergling x2, Extractor  
  41  4:14  Zergling x6, Spore Crawler  
  42  4:20  Lair  
  42  4:23  Extractor  
  41  4:32  Zergling x2  
  41  4:33  Zergling x2  
  41  4:34  Drone  
  41  4:37  Overlord  
  44  4:40  Queen  
  44  4:42  Overlord  
  46  4:51  Overlord  
  46  4:55  Drone x2  
  46  4:56  Drone x3  
  51  5:04  Baneling x3  
  51  5:05  Baneling  
  51  5:09  Baneling x2  
  51  5:11  Baneling x4  
  51  5:21  Spire  
  51  5:22  Drone  
  51  5:23  Drone  
  51  5:31  Centrifical Hooks  
  51  5:40  Drone x2  
  51  5:41  Drone x3  
  56  5:53  Zergling x10  
  56  5:56  Drone x2  
  63  6:06  Overlord  
  63  6:11  Drone  
  63  6:12  Drone x6  
  63  6:16  Overlord  
  63  6:17  Overlord  
  70  6:34  Zerg Flyer Weapons Level 1  
  70  6:35  Mutalisk x5  
  70  6:39  Mutalisk  
  80  6:41  Mutalisk  
  80  6:44  Drone x3  
  87  6:49  Drone x2, Extractor  
  87  6:50  Extractor  
  87  7:03  Drone x4  
  91  7:09  Overlord  
  91  7:19  Mutalisk x3  
  97  7:23  Overlord x3  
  82  7:39  Zergling x26  
  93  7:48  Zergling x10  
  98  7:53  Infestation Pit  
  98  7:58  Zergling x4  
  99  8:01  Drone  
  99  8:03  Evolution Chamber  
  99  8:04  Evolution Chamber  
  98  8:06  Hatchery, Baneling  
  98  8:07  Baneling x16  
  98  8:10  Zergling x4  
  98  8:11  Zergling x2  
  100  8:14  Drone x2  
  100  8:15  Drone, Zergling x4  
  100  8:16  Zergling x6  
  108  8:33  Hive  
  62  8:51  Mutalisk x5  
  62  8:52  Mutalisk x2  
  62  8:54  Zergling x10  
  62  8:55  Zergling x8  
  83  8:59  Zerg Melee Weapons Level 1  
  83  9:05  Zergling x2  
  83  9:06  Zergling x4  
  84  9:14  Zergling x2, Zerg Ground Armor Level 1  
  84  9:15  Zergling x2  
  86  9:20  Queen  
  86  9:22  Zergling x2  
  86  9:23  Zergling x6  
  92  9:25  Baneling x11  
  92  9:49  Ultralisk Cavern  
  91  9:53  Zergling x18  
  91  9:54  Zergling x8, Extractor  
  91  9:55  Extractor  
  102  10:10  Overlord  
  102  10:15  Zergling x2  
  102  10:16  Zergling x10  
  102  10:17  Zergling x2  
  102  10:18  Baneling  
  102  10:19  Baneling x15  
  102  10:20  Baneling  
  109  10:23  Drone x2  
  109  10:24  Drone x4  
  114  10:38  Chitinous Plating  
  114  10:42  Ultralisk  
  120  10:44  Overlord  
  120  10:52  Ultralisk  
  124  11:13  Ultralisk  
  92  11:31  Ultralisk  
  92  11:34  Zergling x16  
  92  11:35  Zergling x18  
  109  11:48  Ultralisk  
  103  11:57  Mutalisk x2  
  107  12:02  Zergling x4, Hatchery  
  107  12:03  Zergling x6  
  107  12:07  Hatchery  
  110  12:15  Ultralisk  
  116  12:33  Mutalisk x3  
  122  12:52  Zerg Ground Armor Level 2  
  121  13:05  Baneling  
  121  13:06  Baneling x10  
  121  13:08  Zergling x2, Overlord  
  121  13:09  Zergling x22  
  97  13:31  Ultralisk  
  99  13:39  Ultralisk  
  105  13:41  Zergling x2  
  105  13:42  Zergling x18  
  94  14:02  Zergling x2  
  95  14:03  Zergling x24  
  95  14:06  Baneling  
  95  14:07  Baneling x12  
  107  14:23  Corruptor x2  
  41  15:03  Zergling x2  
  41  15:04  Zergling x16  
Tags
 
Add a new tag
Caveats
  • Supply blocks, unpowered buildings, or Contaminate may cause inaccurate times.
  • Supply counts are checked every 10 seconds.